 Dungeon Crawl Stone Soup version 0.28-a0-723-g095bd1b44f (webtiles) character file.

Game seed: 17315166811218487505

7 meatgazer the Skirmisher (level 1, -9/18 HPs)
             Began as a Demonspawn Abyssal Knight on Oct 25, 2021.
             Was a Follower of Lugonu.
             Mangled by a small abomination (17 damage)
             ... on level 3 of the Abyss.
             The game lasted 00:00:44 (338 turns).

meatgazer the Skirmisher (Demonspawn Abyssal Knight) Turns: 338, Time: 00:00:44

Health: -9/18      AC:  3    Str: 13    XL:     1   Next: 83%
Magic:  2/2        EV: 11    Int: 11    God:    Lugonu [*.....]
Gold:   6          SH:  0    Dex: 13    Spells: 0/0 levels left

rFire   . . .      SeeInvis .   a - +1 spear
rCold   . . .      Faith    .   (no shield)
rNeg    . . .      Spirit   .   b - +0 leather armour
rPois   .          Reflect  .   (no helmet)
rElec   .          Harm     .   (no cloak)
rCorr   .          Rampage  .   (no gloves)
Will    .....                   (no boots)
Stlth   +.........              (no amulet)
HPRegen 0.06/turn               (no ring)
MPRegen 0.08/turn               (no ring)

@: no status effects
A: no striking features
a: Renounce Religion, Depart the Abyss


You were on level 3 of the Abyss.
You worshipped Lugonu.
Lugonu was aware of your devotion.
You visited 0 branches of the dungeon, and saw 0 of its levels.
You visited the Abyss 1 time.

You collected 6 gold pieces.

Inventory:

Hand Weapons
 a - a +1 spear (weapon)
Armour
 b - a +0 leather armour (worn)
Jewellery
 d - an amulet of magic regeneration
Potions
 c - a potion of brilliance {unknown}
Miscellaneous
 f - a phantom mirror


   Skills:
 + Level 3.2 Fighting
 + Level 1.9 Polearms
 + Level 1.8 Armour
 + Level 0.8 Dodging
 + Level 2.5 Invocations


You couldn't memorise any spells.
You didn't know any spells.
Your spell library was empty.

Dungeon Overview and Level Annotations

Branches:
Dungeon (0/15)

Altars:


Message History

Found a gateway leading deeper into the Abyss.
Found 10 poisoned darts.
There is a gateway leading deeper into the Abyss here.
You plunge deeper into the Abyss.
Found a dented fluorescent amulet and a scroll labelled LUYQEL LUAX.
You enter the shallow water.
Moving in this stuff is going to be slow.
d - an amulet of magic regeneration
e - a scroll labelled LUYQEL LUAX
Found a gateway leading deeper into the Abyss.
Found a scroll labelled ITU VEAZYX.
Found a pink potion.
There is a gateway leading deeper into the Abyss here.
You plunge deeper into the Abyss.
The abyssal rune of Zot can be found at this depth.
Found a phantom mirror.
You see here a phantom mirror.
f - a phantom mirror
Found a ring mail.
Found 13 stones.
A kobold demonologist materialises.
It is wielding a +0 dagger.
The kobold demonologist shouts!
Found 30 stones.
The kobold demonologist mumbles some strange words.
Found a gateway leading out of the Abyss.
A small abomination comes into view.
Found a pair of gloves.
The small abomination barely misses you.
Blink to where?
Press: ? - help, Dir - move target A starcursed mass comes into view.
As you read the scroll labelled LUYQEL LUAX, it crumbles to dust.
It was a scroll of blinking.
A starcursed mass splits.
A chorus of shrieks assaults your mind.
Ouch! That really hurt!
A starcursed mass splits.
A starcursed mass splits.
The small abomination hits you!
Ouch! That really hurt!
You die...

.X##.#..∩#.
.#.. #..
...# .##.
#...#.. #
.# ###.###
.. .
####..# ..
..
...##.#.###
#..
#.......#
#.....#x.#
...#....@#
#.
#.#.##..#
#### .....
.##### .#
.# .. ##


You could see a small abomination.

Vanquished Creatures
  A white imp (Abyss:1)
1 creature vanquished.

Notes
Turn   | Place    | Note
-------+----------+-------------------------------------------
     0 | Abyss:1  | meatgazer the Demonspawn Abyssal Knight began the quest for
                  | the Orb.
     0 | Abyss:1  | Reached XP level 1. HP: 18/18 MP: 2/2
   320 | Abyss:3  | Noticed a kobold demonologist
   329 | Abyss:3  | Noticed a small abomination
   332 | Abyss:3  | Noticed a starcursed mass
   334 | Abyss:3  | Noticed a small abomination
   338 | Abyss:3  | Mangled by a small abomination

Illustrated notes

Levels and vault maps discovered:
Abyss:3:  base: Temple, hangedman_grunt_abyss_rune_horror_hoard,
          evilmike_abyss_exit_3, evilmike_abyss_exit_17

Action                   || total
-------------------------++-------
Melee: Spear             ||     9
  Use: Scroll            ||     1
Dodge: Dodged            ||     6

Table legend: (Time is in decaauts)
 A = Elapsed time spent in this place.
 B = Non-inter-level travel time spent in this place.
 C = Inter-level travel time spent in this place.
 D = Time resting spent in this place.
 E = Time spent auto-exploring this place.
 F = Levels seen in this place.
 G = Mean time per level.
                   A        B        C        D        E       F      G
               +--------+--------+--------+--------+--------+-----+--------+
         Total |    343 |    343 |      0 |      0 |    285 |   3 |  114.3 |
         Abyss |    343 |    343 |      0 |      0 |    285 |   3 |  114.3 |
               +--------+--------+--------+--------+--------+-----+--------+

Top non-repeatable levels by time:
 Abyss:1: 282 daAuts
 Abyss:3: 41 daAuts
 Abyss:2: 20 daAuts
